AoeStats
← makrimonos

Black Forest

510850517Analyzed
3v3 RM · 1d ago on Oct 2, 2026· 34m 13s· 6 players
Game mode
Random Map
Map size
Normal (6 player)
Population
200
Speed
Normal
Resources
Standard
Victory
Conquest
Starting age
Dark Age
Ending age
Imperial Age
RankedLock teamsTeams togetherTeam positionsShared explorationLock speedFull tech treeHidden civsTurbo modeCheats
Victory
Defeat
🇹🇷 Celts · Türkiye
1021
+15
🇸🇬 Spanish · Singapore
995
+16
🇬🇧 Saracens · United Kingdom
940
+17
🇲🇹 Cumans · Malta
1014
-36
🇬🇧 Bohemians · United Kingdom
990
-16
🇹🇷 Celts · Türkiye
953
-15
Big Dawg
14:12 Feudal Age
14:53 Loom
19:36 Castle Age
18:38 Double-Bit Axe
23:44 Wheelbarrow
25:44 Elite Skirmisher
26:19 Fletching
27:13 Bodkin Arrow
EmptyJet7586
2:12 Loom
18:54 Feudal Age
19:52 Double-Bit Axe
19:52 Horse Collar
BORNOVALI35
1:51 Loom
16:01 Feudal Age
17:33 Double-Bit Axe
21:56 Castle Age
20:37 Horse Collar
23:41 Bow Saw
31:45 Wheelbarrow
realtrading
1:34 Loom
18:25 Feudal Age
22:59 Castle Age
21:26 Double-Bit Axe
22:16 Fletching
22:30 Horse Collar
22:56 Padded Archer Armor
24:10 Bodkin Arrow
| Hooligan |
2:50 Loom
13:44 Feudal Age
19:52 Castle Age
18:28 Double-Bit Axe
18:25 Horse Collar
21:11 Wheelbarrow
21:02 Heavy Plow
23:03 Bloodlines
22:55 Husbandry
27:29 Bow Saw
28:25 Hand Cart
29:18 Forging
31:51 Iron Casting
32:36 Caravan
makrimonos
0:40 Loom
14:50 Feudal Age
21:18 Castle Age
23:43 Arson
25:09 Scale Mail Armor
25:19 Forging
24:59 Horse Collar
31:21 Chain Mail Armor
31:42 Iron Casting
Connection lost

Rejoining the realm…

Still unreachable

The connection could not be restored.

Session expired

The server has moved on; the page needs a fresh start.